 Dungeon Crawl Stone Soup version 0.28-a0-823-gb444dcf96d (webtiles) character file.

Game seed: 13514872702819442474

109 meatgazer the Skirmisher (level 4, -2/38 HPs)
             Began as a Demonspawn Abyssal Knight on Nov 9, 2021.
             Was a Follower of Lugonu.
             Slain by a phantasmal warrior (4 damage)
             ... on level 2 of the Abyss.
             The game lasted 00:01:00 (161 turns).

meatgazer the Skirmisher (Demonspawn Abyssal Knight) Turns: 161, Time: 00:01:00

Health: -2/38      AC:  3    Str: 14    XL:     4   Next: 59%
Magic:  6/6        EV: 11    Int: 12    God:    Lugonu [*.....]
Gold:   58         SH: 10    Dex: 13    Spells: 3/3 levels left

rFire   . . .      SeeInvis .   a - +1 hand axe
rCold   . . .      Faith    .   (no shield)
rNeg    . . .      Spirit   .   b - +0 leather armour
rPois   .          Reflect  .   (no helmet)
rElec   .          Harm     .   (no cloak)
rCorr   .          Rampage  .   (no gloves)
Will    .....                   (no boots)
Stlth   +.........              d - amulet of the acrobat
HPRegen 0.12/turn               (no ring)
MPRegen 0.10/turn               (no ring)

@: no status effects
A: large bone plates 2, condensation shield
a: Renounce Religion, Depart the Abyss


You were on level 2 of the Abyss.
You worshipped Lugonu.
Lugonu was aware of your devotion.
You visited 0 branches of the dungeon, and saw 0 of its levels.
You visited the Abyss 1 time.

You collected 58 gold pieces.

Inventory:

Hand Weapons
 a - a +1 hand axe (weapon)
Armour
 b - a +0 leather armour (worn)
 c - a +0 helmet
Jewellery
 d - an amulet of the acrobat (around neck)


   Skills:
 + Level 4.4 Fighting
 + Level 2.2 Axes
 + Level 2.3 Armour
 + Level 0.9 Dodging
 + Level 3.2 Invocations
 + Level 0.3 Evocations


You had 3 spell levels left.
You didn't know any spells.
Your spell library was empty.

Dungeon Overview and Level Annotations

Branches:
Dungeon (0/15)

Altars:


Innate Abilities, Weirdness & Mutations

You are mostly covered in large bone plates. (SH +6)
A meltable shield of frost defends you. (SH +4)


Message History

Aiming: Corrosive Bolt
Press: ? - help, Shift-Dir - straight line, f - white imp
Aim: a white imp (71% to hit)
The bolt of acid hits the white imp!!
The acid corrodes the white imp!
You kill the white imp!
You start resting.
A phantasmal warrior comes into view.
A phantasmal warrior is nearby!
A phantasmal warrior is nearby!
The phantasmal warrior gestures at you.
The phantasmal warrior blinks!
The phantasmal warrior gestures at you.
The phantasmal warrior blinks!
The phantasmal warrior hits you.
Aiming: Corrosive Bolt
Press: ? - help, Shift-Dir - straight line, f - phantasmal warrior
Aim: a phantasmal warrior (71% to hit)
The bolt of acid hits the phantasmal warrior!
The acid corrodes the phantasmal warrior!
The phantasmal warrior is lightly damaged.
You block the phantasmal warrior's attack.
You aren't carrying any potions.
You aren't carrying any scrolls.
Cleave: a) +1 hand axe
Press: ? - help, Dir - move target, f/p - phantasmal warrior
Aim: a phantasmal warrior (lightly damaged, covered in acid, about 37% to evade your +1 hand axe)
Okay, then.
Aiming: Corrosive Bolt
Press: ? - help, Shift-Dir - straight line, f/p - phantasmal warrior
Aim: a phantasmal warrior (lightly damaged, covered in acid, 71% to hit)
The bolt of acid hits the phantasmal warrior!
The phantasmal warrior seems to be corroded for longer.
The phantasmal warrior is moderately damaged.
The now-empty wand crumbles to dust.
The phantasmal warrior hits you!!
Ouch! That really hurt!
* * * LOW HITPOINT WARNING * * *
You hit the phantasmal warrior.
The phantasmal warrior is heavily damaged.
The phantasmal warrior hits you.
You die...

... . . ....# #. .
#.####.# .... ....#..#.
. #..#...##.#..## §. . .
....#....###### .
##..#.#...≈≈§§§§ ... .
#....@.≈≈≈§§≈ §. . #
.##.#W..§§§§§§ § #...
#.##....§§≈#§≈≈ §#. #.#
..# #...§§§≈≈§≈§
§....... ..##....§≈≈≈≈≈≈
#. ....#.. .#.#.§§≈≈§§§≈
§.. ... ##..#.#.§§≈§§§≈≈
#. ....#... .#...§§≈§§#≈
§§#..........#....≈§§≈§§


You could see a phantasmal warrior (corroded).

Vanquished Creatures
  A small abomination (Abyss:2)
  A white imp (Abyss:2)
2 creatures vanquished.

Notes
Turn   | Place    | Note
-------+----------+-------------------------------------------
     0 | Abyss:1  | meatgazer the Demonspawn Abyssal Knight began the quest for
                  | the Orb.
     0 | Abyss:1  | Reached XP level 1. HP: 18/18 MP: 2/2
    91 | Abyss:2  | Noticed a small abomination
    99 | Abyss:2  | Killed a small abomination
   100 | Abyss:2  | Reached skill level 4 in Fighting
   100 | Abyss:2  | Gained mutation: A meltable shield of frost defends you.
                  | (SH +4) [demonic ancestry]
   100 | Abyss:2  | Reached XP level 2. HP: 20/26 MP: 2/4
   100 | Abyss:2  | Gained mutation: You are partially covered in large bone
                  | plates. (SH +4) [demonic ancestry]
   100 | Abyss:2  | Reached XP level 3. HP: 24/31 MP: 2/5
   100 | Abyss:2  | Gained mutation: You are mostly covered in large bone
                  | plates. (SH +6) [demonic ancestry]
   100 | Abyss:2  | Reached XP level 4. HP: 29/38 MP: 2/6
   154 | Abyss:2  | Noticed a phantasmal warrior
   161 | Abyss:2  | Slain by a phantasmal warrior

Illustrated notes

Levels and vault maps discovered:
Abyss:2:  base:
Temple

Skill      XL: |  1 |
---------------+----+-----
Fighting       | 4 |  4.4
Axes           | 2 |  2.2
Armour         | 2 |  2.3
Invocations    | 3 |  3.2
Dodging        | |  0.9
Evocations     | |  0.3

Action                   |  1- 3 |  4- 6 || total
-------------------------+-------+-------++-------
Melee: Hand axe          |       |     1 ||     1
Evoke: Wand              |     3 |     3 ||     6
Dodge: Dodged            |     3 |       ||     3
Block: Other             |       |     1 ||     1

Table legend: (Time is in decaauts)
 A = Elapsed time spent in this place.
 B = Non-inter-level travel time spent in this place.
 C = Inter-level travel time spent in this place.
 D = Time resting spent in this place.
 E = Time spent auto-exploring this place.
 F = Levels seen in this place.
 G = Mean time per level.
                   A        B        C        D        E       F      G
               +--------+--------+--------+--------+--------+-----+--------+
         Total |    160 |    160 |      0 |     36 |     64 |   2 |   80.0 |
         Abyss |    160 |    160 |      0 |     36 |     64 |   2 |   80.0 |
               +--------+--------+--------+--------+--------+-----+--------+

Top non-repeatable levels by time:
 Abyss:2: 92 daAuts
 Abyss:1: 68 daAuts
